 Dungeon Crawl Stone Soup version 0.27.0-1-g7a089689b8 (webtiles) character file.

Game seed: 2249789589549765778

0 thirtiethelement the Skirmisher (level 1, -3/18 HPs)
             Began as a Demonspawn Abyssal Knight on Aug 11, 2021.
             Was a Follower of Lugonu.
             Slain by an orange demon (6 damage)
             ... on level 1 of the Abyss.
             The game lasted 00:00:31 (86 turns).

thirtiethelement the Skirmisher (DsAK)                Turns: 86, Time: 00:00:33

Health: -3/18      AC:  1    Str: 12    XL:     1   Next: 0%
Magic:  2/2        EV: 11    Int: 13    God:    Lugonu [*.....]
Gold:   7          SH:  0    Dex: 12    Spells: 0/0 levels left

rFire    . . .     SeeInvis .   a - +1 falchion
rCold    . . .     Faith    .   (no shield)
rNeg     . . .     Spirit   .   b - +0 leather armour
rPois    .         Reflect  .   (no helmet)
rElec    .         Harm     .   (no cloak)
rCorr    .         Rampage  .   (no gloves)
Will     .....                  (no boots)
Stlth    +.........             (no amulet)
HPRegen  0.06/turn              (no ring)
MPRegen  0.08/turn              (no ring)

@: lethally poisoned (-3 -> -34), unable to read
A: [deformed body], [deterioration 2], [low mp 2], [subdued magic 2], [inability
to read while threatened]
a: Renounce Religion, Depart the Abyss


You were on level 1 of the Abyss.
You worshipped Lugonu.
Lugonu was aware of your devotion.
You visited 0 branches of the dungeon, and saw 0 of its levels.
You visited the Abyss 1 time.

You collected 7 gold pieces.

Inventory:

Hand Weapons
 a - a +1 falchion (weapon)
Armour
 b - a +0 leather armour (worn)


   Skills:
 + Level 3.0 Fighting
 + Level 1.7 Long Blades
 + Level 1.7 Armour
 + Level 0.8 Dodging
 + Level 2.4 Invocations


You couldn't memorise any spells.
You didn't know any spells.
Your spell library was empty.

Dungeon Overview and Level Annotations

Branches:
Dungeon (0/15)

Altars:


Innate Abilities, Weirdness & Mutations

[Armour fits poorly on your strangely shaped body.]
[Your body often deteriorates upon taking damage.]
[Your magical capacity is very low. (-20% MP)]
[Your spells are easier to cast, but less powerful.]
[You sometimes lose the ability to read scrolls when taking damage.]


Message History

Welcome, thirtiethelement the Demonspawn Abyssal Knight.
Will you prevail where others failed? Will you find the Orb of Zot?
Lugonu says: Depart the Abyss and spread corruption, my servant! (use the ability menu to exit the Abyss) Press ? for a list of commands and other information.
Found a corrupted altar of Lugonu.
You now have 7 gold pieces.
A thrashing horror comes into view.
The raiju barks!
The wretched star pulses with an eldritch light!
You feel yourself wasting away.
You feel your body start to fall apart.
The wretched star pulses with an eldritch light!
Your body twists and deforms.
Your connection to magic feels subdued.
Your connection to magic feels more subdued.
Found a ring mail.
The wretched star pulses with an eldritch light!
You lose the ability to read scrolls when threatened.
You see here a +0 ring mail.
The wretched star pulses with an eldritch light!
You feel less energetic. x2
A dread lich comes into view.
An orange demon comes into view.
The orange demon screeches!
Tentacles burst from the starspawn's body! 2 starspawn tentacles come into view.
The orange demon stings you!
Ouch! That really hurt!
* * * LOW HITPOINT WARNING * * *
You are lethally poisoned!
The orange demon poisons you! The orange demon hits you.
You feel threatened and lose the ability to read scrolls!
You die...

##. *# . # L #.#...#
.## #.X###... # ..##
#..#.. # ##. #
#...###.#.# . #...#. #
#..#.#..X ..
......#.##.##w#.#....#
#...4#.#.#X#.......#
#.@.#.w###.#.### #
#.#.#.....# .# #..
..##....#...... #..
#####.##..#.. #.. .#
..##. ### .. .# #. .#.
# ##.. #.


You could see an orange demon.

Vanquished Creatures (others)
  2 starspawn tentacles (Abyss:1)
2 creatures vanquished.

Notes
Turn   | Place    | Note
-------+----------+-------------------------------------------
     0 | Abyss:1  | thirtiethelement the Demonspawn Abyssal Knight began the
                  | quest for the Orb.
     0 | Abyss:1  | Reached XP level 1. HP: 18/18 MP: 2/2
    32 | Abyss:1  | Noticed a thrashing horror
    55 | Abyss:1  | Noticed a wretched star
    55 | Abyss:1  | Noticed a raiju
    55 | Abyss:1  | Noticed a large abomination
    77 | Abyss:1  | Noticed a tentacled starspawn
    82 | Abyss:1  | Noticed a dread lich
    84 | Abyss:1  | Noticed an orange demon
    86 | Abyss:1  | Slain by an orange demon

Illustrated notes

Levels and vault maps discovered:
Abyss:1:  base: Temple, base: Temple, evilmike_abyss_exit_12, minivault_28
